AoeStats
← Jordan Belfort

Golden Pit

509094077Analyzed
1v1 RM · 7d ago on Sep 25, 2026· 42m 32s· 2 players
Game mode
Random Map
Map size
Tiny (2 player)
Population
200
Speed
Normal
Resources
Standard
Victory
Conquest
Starting age
Dark Age
Ending age
Imperial Age
RankedLock teamsTeams togetherTeam positionsShared explorationLock speedFull tech treeHidden civsTurbo modeCheats
Victory
Defeat
🇦🇷 Persians · Argentina
1309
+14
🇩🇪 Poles · Germany
1263
-14
Jordan Belfort
7:23 Loom
10:22 Feudal Age
11:07 Double-Bit Axe
11:28 Horse Collar
18:45 Castle Age
17:56 Stone Mining
18:42 Bloodlines
20:03 Heavy Plow
20:16 Bow Saw
20:30 Town Watch
22:17 Szlachta Privileges
25:28 Stone Shaft Mining
25:33 Scale Barding Armor
26:32 Forging
27:24 Husbandry
28:08 Iron Casting
29:41 Chain Barding Armor
32:03 Wheelbarrow
33:54 Gold Mining
42:26 Imperial Age
ChoripanyVino
8:02 Loom
10:50 Feudal Age
15:35 Castle Age
14:17 Double-Bit Axe
14:54 Horse Collar
15:11 Stone Mining
17:12 Gold Mining
17:14 Horse Collar
24:15 Wheelbarrow
24:05 Bow Saw
24:38 Town Watch
29:00 Imperial Age
27:50 Bloodlines
27:46 Husbandry
28:23 Scale Barding Armor
28:55 Heavy Plow
29:10 Forging
29:04 Heavy Camel Rider
31:51 Chain Barding Armor
32:48 Iron Casting
35:04 Plate Barding Armor
36:50 Conscription
37:35 Hand Cart
38:29 Blast Furnace
41:35 Town Patrol
41:11 Cavalier
Connection lost

Rejoining the realm…

Still unreachable

The connection could not be restored.

Session expired

The server has moved on; the page needs a fresh start.